 Dungeon Crawl Stone Soup version 0.31-a0-819-gf6de2f5ab6 (webtiles) character file.

Game seed: 17737932398838307913

18681 demibob the Impaler (level 12, -15/100 HPs)
             Began as a Merfolk Chaos Knight on Sept 23, 2023.
             Was a Plaything of Xom.
             Demolished by an azure jelly (39 damage)
             ... in a volcano.
             The game lasted 00:24:04 (11766 turns).

demibob the Impaler (Merfolk Chaos Knight)         Turns: 11766, Time: 00:24:05

Health: -15/100    AC:  9    Str:  8    XL:     12   Next: 61%
Magic:  0/12       EV: 25    Int: 17    God:    Xom [...*..]
Gold:   880        SH:  4    Dex: 25    Spells: 11/11 levels left

rFire   + . .        b - +2 spear (drain)
rCold   . . .        (no shield)
rNeg    . . .        u - +0 acid dragon scales
rPois   .            (helmet restricted)
rElec   .            C - scarf {repulsion}
rCorr   +            r - +0 pair of gloves
SInv    .            d - +1 pair of boots
Will    .....        k - amulet of faith {!P}
Stlth   ++           F - ring of fire
HPRegen 1.16/turn    (no ring)
MPRegen 0.13/turn

%: repel missiles, faith
@: mighty
A: (nimble swimmer 2), mertail, antennae 2, iridescent scales 1, large bone
plates 1, agile 2, clever 2, cold resistance 1, deformed body, regeneration 1,
evolution 1, MP-powered wands, sturdy frame 1
a: Renounce Religion


You were in a volcano.
You worshipped Xom.
You were a favourite toy of Xom.
You visited 2 branches of the dungeon, and saw 12 of its levels.
You also visited: Volcano.

You collected 880 gold pieces.


Innate Abilities, Weirdness & Mutations

((You are very nimble when in or above water. (Stealth+, EV+, Speed+++)))
Your lower body shifts to a powerful aquatic tail in water.
You have a pair of antennae on your head.
You are partially covered in iridescent scales. (AC +2)
You are partially covered in large bone plates. (SH +4)
You are very agile. (Dex +8, Str/Int -2)
Your mind is very acute. (Int +8, Str/Dex -2)
Your flesh is cold resistant. (rC+)
Armour fits poorly on your strangely shaped body.
Your natural rate of healing is unusually fast.
You have hidden genetic potential.
You expend magic power (3 MP) to strengthen your wands.
Your movements are slightly less encumbered by armour. (ER -2)


   Skills:
 + Level 11.4 Fighting
 + Level 17.4 Polearms
 + Level 2.8 Armour
 - Level 14.7 Dodging


You had 11 spell levels left.
You didn't know any spells.
Your spell library contained the following spells:

 Spells                   Type           Power      Damage    Failure   Level
 Apportation              Tloc           0%         N/A       28%         1
 Necrotise                Necr           0%         1d4       28%         1
 Sandblast                Erth           0%         2d4       28%         1
 Summon Small Mammal      Summ           0%         N/A       28%         1
 Cigotuvi's Dreadful Rot  Necr/Pois/Air  0%         N/A       38%         2
 Ensorcelled Hibernation  Hex/Ice        0%         N/A       38%         2
 Jinxbite                 Hex            0%         N/A       38%         2
 Passwall                 Tmut/Erth      0%         N/A       38%         2
 Poisonous Vapours        Pois/Air       0%         N/A       38%         2
 Wereblood                Tmut           0%         N/A       38%         2
 Frozen Ramparts          Ice            0%         1d1       63%         3
 Hailstorm                Conj/Ice       0%         3d3       63%         3
 Ignite Poison            Fire/Tmut/Pois 0%         N/A       63%         3
 Stone Arrow              Conj/Erth      0%         3d7       63%         3
 Anguish                  Hex/Necr       0%         N/A       95%         4
 Brom's Barrelling Bould  Conj/Erth      0%         2d3       95%         4
 Freezing Cloud           Conj/Ice/Air   0%         6-21      100%        5
 Irradiate                Conj/Tmut      0%         3d11      100%        5
 Malign Gateway           Summ/Tloc      0%         N/A       100%        7
 Summon Horrible Things   Summ           0%         N/A       100%        8

Inventory:

Hand Weapons
 a - a +1 spear of chaos
 b - a +2 spear of draining (weapon)
 z - a +0 glaive
Missiles
 E - an atropa-tipped dart
Armour
 d - a +1 pair of boots (worn)
 r - a +0 pair of gloves (worn)
 t - the +0 cloak of Wugh {rElec}
   (Xom gifted it to you on level 4 of the Dungeon)

   rElec:     It insulates you from electricity.
 u - +0 acid dragon scales (worn)
 C - a scarf of repulsion (worn)
Jewellery
 c - an amulet of reflection
 j - an amulet of regeneration
 k - an amulet of faith (around neck) {!P}
 F - a ring of fire (left hand)
Wands
 h - a wand of light (5)
 o - a wand of iceblast (14)
 w - a wand of charming (6)
 A - a wand of digging (5)
Scrolls
 f - a scroll of enchant armour
 q - a scroll of vulnerability
 H - a scroll of revelation
Potions
 e - 3 potions of enlightenment
 g - 2 potions of cancellation
 l - a potion of might
 m - a potion of lignification
 n - 2 potions of attraction
 p - a potion of ambrosia {unknown}
 s - a potion of magic
 v - 2 potions of brilliance
Miscellaneous
 i - a phial of floods (inert)

Dungeon Overview and Level Annotations

Branches:
Dungeon (10/15)            Temple (0/1) D:5            Lair (2/5) D:10
Volcano (1/1)
  Swamp: Lair:2-3    Shoals: Lair:2-3     Snake: Lair:2-3    Spider: Lair:2-3
    Orc: D:9-12

Altars:
Ashenzari
Fedhas
Hepliaklqana
Makhleb
Nemelex Xobeh
Sif Muna
Trog
Uskayaw
Wu Jian
The Shining One

Shops:
D:4 =   D:5 *

Annotations:
D:5 exclusion: oklob plant
D:6 1 runed translucent door, Crazy Yiuf

####*##▒*▒▒▒▒▒▒▒▒▒
#..##≈8▒,⚑.≈§≈)≈@▒
.##..##*,.§.§O≈J≈▒
#.###.#**▒▒§§≈{≈)▒
#.##.####8▒§≈§≈.≈▒
#.###.~∩)..§.§.≈.▒
.##8#####8▒§§§≈.§▒
.#8###.##*▒§§≈.§!▒
#.##..#.##▒§§.≈§≈▒
##..####.#********


You could see an azure jelly and a two-headed ogre (fast, drained).


Message History

The azure jelly resists with almost no effort.
The azure jelly barely misses you. The azure jelly hits you!
The azure jelly freezes you!!
* * * LOW HITPOINT WARNING * * *
The azure jelly completely misses you. You block the azure jelly's attack.
Unknown command.
Aiming: Bolt of Light
Press: ? - help, Shift-Dir - straight line, f/p - azure jelly
Aim: an azure jelly (heavily wounded, 71% to hit)
The bolt of light misses the azure jelly.
The bolt of light hits something!!
The azure jelly barely misses you.
The azure jelly hits you but does no damage. x2
The azure jelly completely misses you.
Aiming: Bolt of Light
Press: ? - help, Shift-Dir - straight line, f/p - azure jelly
Aim: an azure jelly (heavily wounded, 71% to hit)
The bolt of light hits the azure jelly!!
The azure jelly is severely wounded.
The bolt of light hits something!
The azure jelly barely misses you. You block the azure jelly's attack.
The azure jelly hits you but does no damage.
The azure jelly hits you.
* * * LOW HITPOINT WARNING * * *
You hear some strange, mumbled words.
The azure jelly resists with almost no effort.
The azure jelly misses you. The azure jelly hits you!
* * * LOW HITPOINT WARNING * * *
The azure jelly freezes you!!!
You die...
Xom chortles!

Skill      XL: |  1  2  3  4  5  6  7  8  9 10 11 12 |
---------------+-------------------------------------+-----
Polearms       | 7 8 9 10 12 13 15 16 17 | 17.4
Dodging        | 4 6 9 11 12 14 | 14.7
Fighting       | 6 8 10 11 | 11.4
Armour         | 2 |  2.8

Action                     |  1- 3 |  4- 6 |  7- 9 | 10-12 || total
---------------------------+-------+-------+-------+-------++-------
  Melee: Spear             |    59 |   223 |   352 |   980 ||  1614
         Punch             |       |     3 |     3 |    18 ||    24
         Tailslap          |       |       |     2 |     1 ||     3
  Evoke: Wand              |       |     2 |    23 |    88 ||   113
         Phial of floods   |       |       |       |     1 ||     1
    Use: Scroll            |       |    10 |     7 |    17 ||    34
         Potion            |       |       |     4 |     6 ||    10
   Stab: Sleeping          |     1 |     4 |     2 |     5 ||    12
         Paralysed         |       |     2 |     7 |       ||     9
         Petrifying        |       |       |     2 |     4 ||     6
         Confused          |       |       |       |    13 ||    13
         Distracted        |       |       |       |     2 ||     2
 Armour: Leather armour    |    18 |    60 |    38 |       ||   116
         Acid dragon scale |       |       |    38 |   206 ||   244
  Dodge: Dodged            |    26 |    50 |   125 |   620 ||   821
         Repelled          |       |       |       |    10 ||    10
  Block: Other             |       |       |    11 |   105 ||   116

Levels and vault maps discovered:
D:1:      psy_arrival_basics, layout_basic
D:2:      layout_loops_corners, basic_altar, uniq_terence
D:3:      layout_basic
D:4:      layout_basic, minmay_overflow_temple_hex, serial_shops,
          nicolae_shop_peninsula, grunt_ministairs_4, uniq_menkaure
D:5:      layout_loops_ring, minmay_temple_entry_slanted,
          nicolae_shop_sticking_my_neck_out
D:6:      layout_loops_ring, mainiacjoe_overflow_surrounded_room, st_stairs_4,
          minmay_liquid_box, minivault_25, minmay_microvault, uniq_maggie,
          uniq_duvessa, uniq_prince_ribbit1, uniq_crazy_yiuf_cottage
D:7:      layout_basic, serial_rivers, chequers_serial_rivers_room_a,
          chequers_serial_rivers_micro_a, chequers_serial_rivers_micro_d,
          chequers_serial_rivers_marsh, minmay_checkerbox
D:8:      layout_basic, mainiacjoe_overflow_concentric_impassable,
          biasface_ghost_orc_armoury, uniq_pikel
D:9:      layout_basic, lemuel_coloured_pillars_altar, special_room
          [special_room_orc]
D:10:     cheibrodos_frozen_isle, layout_gridville, minmay_lair_entry_grove
Lair:1:   layout_roguey, st_stairs_3
Lair:2:   layout_roguey, nicolae_volcano_entry_vermiform
Volcano:  volcano_grotto [vgs_hot_hot_hot]

Notes
Turn   | Place    | Note
-------+----------+-------------------------------------------
     0 | D:1      | demibob the Merfolk Chaos Knight began the quest for the
                  | Orb.
     0 | D:1      | Reached XP level 1. HP: 18/18 MP: 1/1
    12 | D:1      | XOM: silly message
    91 | D:1      | Reached XP level 2. HP: 24/24 MP: 2/2
   262 | D:1      | Reached skill level 5 in Polearms
   408 | D:1      | a dart slug changed into a glowing shapeshifter
   408 | D:1      | Noticed a glowing shapeshifter (glowing shapeshifter)
   408 | D:1      | a glowing shapeshifter changed into a floating eye
   408 | D:1      | Noticed a floating eye (glowing shapeshifter)
   413 | D:1      | Killed a floating eye
   414 | D:1      | Reached skill level 7 in Polearms
   414 | D:1      | Reached XP level 3. HP: 28/29 MP: 3/3
   414 | D:1      | Reached XP level 4. HP: 34/35 MP: 4/4
   414 | D:1      | Reached XP level 5. HP: 40/41 MP: 5/5
   612 | D:1      | XOM: cloud trail
  1005 | D:1      | XOM: cloud trail
  1156 | D:2      | XOM: silly message
  1198 | D:2      | Found a blossoming altar of Fedhas.
  1278 | D:2      | Noticed Terence
  1301 | D:2      | Killed Terence
  1302 | D:2      | Reached skill level 8 in Polearms
  1995 | D:3      | XOM: stat loss: -1 Str (11/12)
  2146 | D:3      | Reached XP level 6. HP: 47/47 MP: 6/6
  2654 | D:3      | XOM: give mutation
  2654 | D:3      | Gained mutation: You possess an exceptional clarity of
                  | mind. [Xom's mischief]
  2758 | D:4      | XOM: cast spell 'Death Channel'
  2759 | D:4      | XOM: blink monster(s)
  2777 | D:4      | Reached skill level 9 in Polearms
  2806 | D:4      | Got a faded book
  3093 | D:4      | XOM: give mutations
  3093 | D:4      | Gained mutation: You expend magic power (3 MP) to
                  | strengthen your wands. [Xom's grace]
  3093 | D:4      | Gained mutation: Your movements are slightly less
                  | encumbered by armour. (ER -2) [Xom's grace]
  3162 | D:4      | Found Jesustro's Jewellery Boutique.
  3234 | D:4      | Noticed Menkaure
  3250 | D:4      | XOM: butterfly on damage
  3251 | D:4      | Killed Menkaure
  3252 | D:4      | Reached skill level 3 in Dodging
  3330 | D:4      | XOM: god gift: bloodstained cloak {god gift}
  3330 | D:4      | Identified the +0 cloak of Wugh {rElec} (Xom gifted it to
                  | you on level 4 of the Dungeon)
  3336 | D:4      | Reached skill level 4 in Dodging
  3336 | D:4      | Reached XP level 7. HP: 52/52 MP: 7/7
  3436 | D:4      | Found a shimmering blue altar of Sif Muna.
  3436 | D:4      | Found an ornate altar of the Wu Jian Council.
  3436 | D:4      | Found a broken altar of Ashenzari.
  3436 | D:4      | Found a bloodstained altar of Trog.
  3444 | D:4      | Found a hazy altar of Hepliaklqana.
  3449 | D:4      | Found a glowing golden altar of the Shining One.
  3451 | D:4      | XOM: god gift: wand of light (5)
  3466 | D:4      | XOM: give mutations
  3466 | D:4      | Gained mutation: You have a pair of small antennae on your
                  | head. [Xom's grace]
  3466 | D:4      | Gained mutation: You have hidden genetic potential. [Xom's
                  | grace]
  3566 | D:5      | Entered Level 5 of the Dungeon
  3569 | D:5      | a sleepcap changed into an oklob plant
  3569 | D:5      | Noticed an oklob plant
  3569 | D:5      | XOM: polymorph sleepcap -> oklob plant
  3648 | D:5      | Found a staircase to the Ecumenical Temple.
  3655 | D:5      | XOM: divination: detect creatures
  3666 | D:5      | Reached skill level 10 in Polearms
  3681 | D:5      | Reached skill level 5 in Dodging
  3747 | D:5      | Found Qing's Neck Hole.
  4357 | D:5      | XOM: cloud trail
  4426 | D:6      | XOM: summons 4 hostile shadow creatures
  4516 | D:6      | Noticed a vampire
  4518 | D:6      | Noticed Maggie
  4524 | D:6      | Killed a vampire
  4524 | D:6      | XOM: scenery: summon butterflies
  4525 | D:6      | Reached skill level 6 in Dodging
  4525 | D:6      | Reached XP level 8. HP: 43/58 MP: 0/8
  4526 | D:6      | XOM: smoke on damage
  4527 | D:6      | XOM: summons friendly shadow imp
  4537 | D:6      | Killed Maggie
  4538 | D:6      | Reached skill level 11 in Polearms
  4538 | D:6      | Reached skill level 7 in Dodging
  4547 | D:6      | Gained mutation: Your flesh is cold resistant. (rC+)
                  | [hidden potential]
  4560 | D:6      | XOM: god gift: staff of air
  4624 | D:6      | XOM: enchant monster (good)
  4625 | D:6      | XOM: god gift: wand of iceblast (7)
  4652 | D:6      | XOM: give mutations
  4652 | D:6      | Gained mutation: Your spells are a little harder to cast,
                  | but a little more powerful. [Xom's grace]
  4652 | D:6      | Gained mutation: You have an increased reservoir of magic.
                  | (+10% MP) [Xom's grace]
  4652 | D:6      | Gained mutation: You have a pair of antennae on your head.
                  | [Xom's grace]
  4908 | D:6      | XOM: fake destruction
  4915 | D:6      | Reached skill level 8 in Dodging
  4930 | D:6      | Reached skill level 12 in Polearms
  4988 | D:6      | Noticed Prince Ribbit
  5015 | D:6      | XOM: enchant monster (good)
  5019 | D:6      | Killed Prince Ribbit
  5020 | D:6      | Reached skill level 9 in Dodging
  5020 | D:6      | Reached XP level 9. HP: 64/64 MP: 6/9
  5086 | D:6      | XOM: give mutations
  5086 | D:6      | Lost mutation: You have an increased reservoir of magic.
                  | (+10% MP) [Xom's mischief]
  5086 | D:6      | Lost mutation: You possess an exceptional clarity of mind.
                  | [Xom's mischief]
  5110 | D:6      | Noticed Duvessa
  5110 | D:6      | Noticed Dowan
  5122 | D:6      | Killed Duvessa
  5124 | D:6      | Killed Dowan
  5145 | D:6      | Gained mutation: You are partially covered in large bone
                  | plates. (SH +4) [hidden potential]
  5145 | D:6      | Lost mutation: You have hidden genetic potential. [hidden
                  | potential expressed]
  5162 | D:6      | XOM: give mutations
  5162 | D:6      | Gained mutation: You passively map a small area around you.
                  | [Xom's mischief]
  5162 | D:6      | Lost mutation: Your spells are a little harder to cast, but
                  | a little more powerful. [Xom's mischief]
  5162 | D:6      | Gained mutation: You are agile. (Dex +4, Str/Int -1) [Xom's
                  | mischief]
  5269 | D:6      | Found a burning altar of Makhleb.
  5286 | D:6      | XOM: give mutations
  5286 | D:6      | Gained mutation: Your system is resistant to poisons.
                  | (rPois) [Xom's grace]
  5286 | D:6      | Gained mutation: You are partially covered in iridescent
                  | scales. (AC +2) [Xom's grace]
  5286 | D:6      | Gained mutation: Your natural rate of healing is unusually
                  | fast. [Xom's grace]
  5473 | D:6      | XOM: potion effect (might)
  5478 | D:6      | Reached skill level 4 in Fighting
  5655 | D:6      | XOM: god gift: atropa-tipped dart
  5691 | D:6      | Found a runed translucent door.
  5692 | D:6      | Noticed Crazy Yiuf
  5888 | D:7      | Reached skill level 13 in Polearms
  5922 | D:7      | XOM: noise
  5929 | D:7      | Reached skill level 10 in Dodging
  5972 | D:7      | Reached skill level 5 in Fighting
  5978 | D:7      | XOM: summons friendly ufetubus
  5989 | D:7      | Identified the staff "Weah" {rF- Str+7 Dex+4 Conj}
  5997 | D:7      | You fall into a shaft and drop 2 floors!
  5998 | D:9      | Found a sparkling altar of Nemelex Xobeh.
  6056 | D:9      | Noticed a hornet
  6062 | D:9      | XOM: summons 9 friendly demons
  6072 | D:9      | Killed a hornet
  6078 | D:9      | XOM: 2-stop teleportation journey
  6189 | D:8      | XOM: cleaving
  6190 | D:8      | XOM: destruction
  6236 | D:8      | Found a hide-covered altar of Uskayaw.
  6242 | D:8      | XOM: fog
  6274 | D:8      | Reached skill level 6 in Fighting
  6274 | D:8      | Reached skill level 11 in Dodging
  6274 | D:8      | Reached XP level 10. HP: 76/76 MP: 3/10
  6420 | D:8      | Identified the +0 plate armour "Aheocuno" {rElec Int+4
                  | Dex+8 Slay-3}
  6421 | D:8      | Found a runed translucent gate.
  6421 | D:8      | Found a runed translucent gate.
  6421 | D:8      | Noticed ooooo's ghost (novice OpCj)
  6423 | D:8      | Found a runed translucent gate.
  6591 | D:8      | Noticed a manticore
  6592 | D:8      | Noticed Pikel
  6599 | D:8      | XOM: cleaving
  6602 | D:8      | Killed a manticore
  6602 | D:8      | XOM: cleaving
  6603 | D:8      | Reached skill level 14 in Polearms
  6604 | D:8      | XOM: destruction
  6605 | D:8      | XOM: cleaving
  6607 | D:8      | XOM: cast spell 'Summon Mana Viper'
  6611 | D:8      | Killed Pikel
  6622 | D:8      | Reached skill level 7 in Fighting
  6671 | D:8      | XOM: 1-stop teleportation journey
  6777 | D:8      | XOM: silly message
  6777 | D:8      | Identified a +0 robe of resistance
  6790 | D:8      | XOM: summons 1 hostile shadow creature
  6791 | D:8      | Noticed a manticore
  6794 | D:8      | XOM: noise
  6812 | D:8      | XOM: chaos upgrade
  6815 | D:8      | XOM: blink monster(s)
  6834 | D:8      | Reached skill level 12 in Dodging
  7062 | D:8      | XOM: noise
  7140 | D:8      | XOM: noise
  7153 | D:8      | XOM: confuse monster(s)
  7161 | D:8      | Killed ooooo's ghost
  7166 | D:8      | XOM: noise
  7171 | D:8      | XOM: summons 1 hostile demon
  7238 | D:8      | Identified the -2 cloak "Umuggimp" {rC- rN+++ Int+3 Slay+3}
  7306 | D:9      | XOM: blink monster(s)
  7333 | D:9      | XOM: cloud trail
  7531 | D:7      | XOM: god gift: 40 gold pieces
  7537 | D:7      | XOM: 2-stop teleportation journey
  7581 | D:7      | Reached skill level 8 in Fighting
  7618 | D:7      | XOM: scenery: summon butterflies
  7670 | D:7      | XOM: 2-stop teleportation journey
  7692 | D:7      | XOM: god gift: 55 gold pieces
  7696 | D:7      | Reached skill level 15 in Polearms
  7792 | D:7      | Reached XP level 11. HP: 86/86 MP: 11/11
  8017 | D:7      | XOM: noise
  8099 | D:6      | XOM: summons 6 hostile demons
  8210 | D:9      | XOM: give mutations
  8210 | D:9      | Lost mutation: Your system is resistant to poisons. (rPois)
                  | [Xom's mischief]
  8210 | D:9      | Lost mutation: You passively map a small area around you.
                  | [Xom's mischief]
  8210 | D:9      | Lost mutation: Your movements are slightly less encumbered
                  | by armour. (ER -2) [Xom's mischief]
  8210 | D:9      | Gained mutation: Armour fits poorly on your strangely
                  | shaped body. [Xom's mischief]
  8371 | D:9      | XOM: silly message
  8904 | D:10     | Entered Level 10 of the Dungeon
  8908 | D:10     | XOM: summons 2 hostile shadow creatures
  8909 | D:10     | Noticed a six-headed hydra
  8909 | D:10     | XOM: confusion (+ monsters)
  8912 | D:10     | XOM: swap monsters
  8921 | D:10     | XOM: confuse monster(s)
  8929 | D:10     | a yak changed into a glowing shapeshifter
  8929 | D:10     | Noticed a glowing shapeshifter (glowing shapeshifter)
  8929 | D:10     | XOM: polymorph yak -> glowing shapeshifter
  8929 | D:10     | a glowing shapeshifter changed into a lindwurm
  8929 | D:10     | Noticed a lindwurm (glowing shapeshifter)
  8931 | D:10     | a lindwurm changed into a snapping turtle
  8937 | D:10     | Reached skill level 13 in Dodging
  8938 | D:10     | a snapping turtle changed into a glowing shapeshifter
  8938 | D:10     | Noticed a glowing shapeshifter (glowing shapeshifter)
  8938 | D:10     | XOM: polymorph snapping turtle -> glowing shapeshifter
  8939 | D:10     | a glowing shapeshifter changed into a faun
  8939 | D:10     | Noticed a faun (glowing shapeshifter)
  8941 | D:10     | a faun changed into a sea snake
  8941 | D:10     | Noticed a sea snake (glowing shapeshifter)
  8945 | D:10     | a sea snake changed into a boulder beetle
  8945 | D:10     | Noticed a boulder beetle (glowing shapeshifter)
  8946 | D:10     | XOM: cast spell 'Summon Cactus Giant'
  8947 | D:10     | a boulder beetle changed into an anaconda
  8947 | D:10     | Noticed an anaconda (glowing shapeshifter)
  8952 | D:10     | Killed an anaconda
  8953 | D:10     | Reached skill level 9 in Fighting
  9044 | D:10     | Identified the +5 ring mail of Umotejin {-Cast rF- Str+4
                  | Dex+8}
  9056 | D:10     | XOM: cast spell 'Summon Mana Viper'
  9111 | D:10     | XOM: smoke on damage
  9130 | D:10     | XOM: enchant monster (bad)
  9148 | D:10     | Reached skill level 16 in Polearms
  9239 | D:10     | XOM: 2-stop teleportation journey
  9297 | D:10     | Found a staircase to the Lair.
  9316 | D:10     | XOM: swap monsters
  9328 | D:10     | XOM: potion effect (brilliance)
  9332 | D:10     | XOM: divine lightning
  9342 | D:10     | Reached skill level 14 in Dodging
  9592 | D:10     | XOM: give mutation
  9592 | D:10     | Gained mutation: You are very agile. (Dex +8, Str/Int -2)
                  | [Xom's grace]
  9671 | D:10     | XOM: polymorph water moccasin -> hound
  9686 | D:10     | XOM: swap monsters
  9687 | D:10     | XOM: blink monster(s)
  9703 | D:10     | Reached skill level 10 in Fighting
  9792 | D:10     | Identified the +2 leather armour "Budialuha" {Fly Str-4
                  | Int+3}
  9830 | D:10     | XOM: god gift: 3 javelins
  9878 | D:10     | XOM: summons 6 hostile demons
  9910 | D:10     | XOM: summons 2 hostile demons
 10053 | Lair:1   | Entered Level 1 of the Lair of Beasts
 10063 | Lair:1   | XOM: enchant monster (bad)
 10199 | Lair:1   | Reached XP level 12. HP: 98/98 MP: 12/12
 10390 | Lair:1   | XOM: cast spell 'Summon Ice Beast'
 10494 | Lair:1   | XOM: 9-stop teleportation journey
 10532 | Lair:1   | XOM: repel stairs
 10540 | Lair:1   | XOM: give mutations
 10540 | Lair:1   | Gained mutation: Your movements are slightly less
                  | encumbered by armour. (ER -2) [Xom's grace]
 10540 | Lair:1   | Gained mutation: Your mind is acute. (Int +4, Str/Dex -1)
                  | [Xom's grace]
 10540 | Lair:1   | Gained mutation: You have hidden genetic potential. [Xom's
                  | grace]
 10540 | Lair:1   | Gained mutation: Your mind is very acute. (Int +8, Str/Dex
                  | -2) [Xom's grace]
 10669 | Lair:1   | XOM: torment (51/99 hp)
 10696 | Lair:1   | XOM: summons 2 hostile shadow creatures
 10697 | Lair:1   | Noticed an eight-headed hydra
 10887 | Lair:2   | XOM: confuse monster(s)
 10907 | Lair:2   | Reached skill level 1 in Armour
 11053 | Lair:2   | XOM: divination: detect items
 11058 | Lair:2   | XOM: swap monsters
 11062 | Lair:2   | XOM: confusion (+ monsters)
 11069 | Lair:2   | XOM: silly message
 11080 | Lair:2   | XOM: destruction
 11081 | Lair:2   | Reached skill level 17 in Polearms
 11124 | Lair:2   | XOM: summons 4 hostile shadow creatures
 11177 | Lair:2   | Reached skill level 11 in Fighting
 11609 | Lair:2   | Found a dark tunnel.
 11623 | Lair:2   | XOM: enchant monster (good)
 11632 | Lair:2   | Reached skill level 2 in Armour
 11666 | Volcano  | Entered a volcano
 11678 | Volcano  | XOM: polymorph fire bat -> golden eye
 11731 | Volcano  | Noticed a two-headed ogre
 11733 | Volcano  | Noticed a two-headed ogre
 11733 | Volcano  | Noticed a two-headed ogre
 11734 | Volcano  | Noticed an ogre mage
 11737 | Volcano  | Killed a two-headed ogre
 11743 | Volcano  | Noticed a red draconian
 11743 | Volcano  | XOM: 1-stop teleportation journey
 11744 | Volcano  | XOM: enchant monster (bad)
 11747 | Volcano  | a red draconian changed into an azure jelly
 11747 | Volcano  | Noticed an azure jelly
 11747 | Volcano  | XOM: polymorph red draconian -> azure jelly
 11748 | Volcano  | >>bruh
 11748 | Volcano  | Found a radiant altar of Vehumet.
 11756 | Volcano  | XOM: noise
 11760 | Volcano  | Killed a two-headed ogre
 11766 | Volcano  | Demolished by an azure jelly

Vanquished Creatures
  An anaconda (shapeshifter) (D:10)
  2 two-headed ogres (Volcano)
  The ghost of ooooo the Destroyer, a novice OpCj of Gozag (D:8)
  A lindwurm (Lair:2)
  A manticore (D:8)
  An ice statue (D:10)
  A black mamba (Lair:2)
  Maggie (D:6)
  2 rime drakes
  A komodo dragon (Lair:1)
  6 ice devils (D:10)
  A polar bear (Lair:1)
  3 hornets (D:9)
  Prince Ribbit (D:6)
  3 blink frogs (Lair:1)
  2 vampires
  12 yaks
  5 fire bats (Volcano)
  6 wyverns
  2 basilisks
  2 steam dragons
  3 vampire mosquitoes (D:10)
  Menkaure (D:4)
  An acid dragon (D:10)
  7 water moccasins
  Duvessa (D:6)
  A floating eye (shapeshifter) (D:1)
  4 orc warriors
  A sky beast (D:8)
  3 black bears
  An ice beast (D:7)
  3 centaurs
  4 wolves (Lair:1)
  2 kobold brigands
  4 bullfrogs
  5 scorpions
  18 wights
  Dowan (D:6)
  6 killer bees (D:8)
  2 howler monkeys (D:10)
  2 lava snakes (Volcano)
  5 hounds
  3 orc priests
  3 sleepcaps
  6 iguanas
  6 orc wizards
  Terence (D:2)
  7 gnolls
  10 adders
  2 shadow imps
  A white imp (D:5)
  6 ufetubi (D:10)
  3 worms
  2 dart slugs
  29 orcs
  5 ball pythons
  6 bats
  5 endoplasms
  2 giant cockroaches
  5 goblins
  11 hobgoblins
  21 kobolds
  7 quokkas
  2 frilled lizards
  6 rats
279 creatures vanquished.

Vanquished Creatures (collateral kills)
  Pikel (D:8)
  4 yaks
  A kobold brigand (D:7)
  A rat (D:1)
7 creatures vanquished.

Vanquished Creatures (others)
  3 yaks
  An orc wizard (D:8)
  3 orcs
  A ball python zombie (D:1)
8 creatures vanquished.

Grand Total: 294 creatures vanquished

Table legend: (Time is in decaauts)
 A = Elapsed time spent in this place.
 B = Non-inter-level travel time spent in this place.
 C = Inter-level travel time spent in this place.
 D = Time resting spent in this place.
 E = Time spent auto-exploring this place.
 F = Levels seen in this place.
 G = Mean time per level.
                   A        B        C        D        E       F      G
               +--------+--------+--------+--------+--------+-----+--------+
         Total |  11006 |  10464 |    542 |    121 |   8261 |  13 |  846.6 |
       Dungeon |   9457 |   8968 |    489 |    121 |   7086 |  10 |  945.7 |
          Lair |   1479 |   1426 |     53 |      0 |   1175 |   2 |  739.5 |
       Volcano |     69 |     69 |      0 |      0 |      0 |   1 |   69.0 |
               +--------+--------+--------+--------+--------+-----+--------+

Top non-repeatable levels by time:
     D:6: 1360 daAuts
     D:1: 1028 daAuts
     D:8: 987 daAuts
     D:9: 980 daAuts
    D:10: 976 daAuts
     D:7: 903 daAuts
     D:2: 867 daAuts
     D:4: 794 daAuts
     D:3: 788 daAuts
     D:5: 770 daAuts
  Lair:1: 742 daAuts
  Lair:2: 736 daAuts
 Volcano: 69 daAuts

Table legend:
 A = Non-vault XP
 B = Vault XP
 C = Vault XP percentage of total XP
 D = Non-vault monster count
 E = Vault monster count
 F = Vault count percentage of total count
                 A         B        C        D         E       F
            +---------+---------+-------+---------+---------+-------
      Total |   15656 |   11032 |  41.3 |     223 |      66 |  22.8
            +---------+---------+-------+---------+---------+-------
        D:1 |     191 |       0 |   0.0 |      30 |       0 |   0.0
        D:2 |      77 |      32 |  29.4 |      18 |       1 |   5.3
        D:3 |      38 |       0 |   0.0 |      14 |       0 |   0.0
        D:4 |     207 |     187 |  47.5 |      14 |       3 |  17.6
        D:5 |     261 |       0 |   0.0 |      12 |       0 |   0.0
        D:6 |     944 |    1259 |  57.1 |      19 |       6 |  24.0
        D:7 |    1191 |     269 |  18.4 |      19 |       4 |  17.4
        D:8 |    2680 |    1375 |  33.9 |      37 |      12 |  24.5
        D:9 |    1236 |      56 |   4.3 |       8 |       5 |  38.5
       D:10 |    3364 |    4263 |  55.9 |      25 |      24 |  49.0
     Lair:1 |    3132 |     213 |   6.4 |      16 |       1 |   5.9
     Lair:2 |    2335 |     668 |  22.2 |      11 |       1 |   8.3
    Volcano |       0 |    2710 | 100.0 |       0 |       9 | 100.0
            +---------+---------+-------+---------+---------+-------
